[Event "Titled Tuesday Blitz November 29 Early 2022"]
[White "Janaszak, Dawid"]
[Black "Radjabov, Teimour"]
[WhiteFideId "1119206"]
[BlackFideId "13400924"]
[WhiteElo "2226"]
[BlackElo "2709"]
[Result "0-1"]
[Round "06"]
[TimeControl "180+1"]
[Date "2022.11.30"]
[WhiteClock "0:00:02"]
[BlackClock "0:00:35"]

1. e4 e5 2. Nf3 Nc6 3. d4 exd4 4. Nxd4 Nf6 5. Nxc6 bxc6 6. e5 Qe7 7. Qe2 Nd5 8. h4 a5 9. c4 Nb6 10. g3 Ba6 11. Nd2 O-O-O 12. Bh3 Re8 13. f4 f6 14. e6 dxe6 15. b3 g5 16. Bb2 gxf4 17. gxf4 Rg8 18. O-O-O a4 19. Rhe1 f5 20. Qf3 Bg7 21. Qxc6 Bb7 22. Qb5 Bxb2+ 23. Kxb2 Qxh4 24. Bxf5 Qf6+ 25. Re5 exf5 26. Re1 Nd7 27. Ka3 Nxe5 28. fxe5 Qb6 29. Qxb6 cxb6 0-1


[Site "https://www.chess.com"]

[Event "Titled Tuesday Blitz November 29 Early 2022"]
[White "Jaskolka, Tomasz"]
[Black "Palacio,Igor Da Paz"]
[WhiteFideId "1170791"]
[BlackFideId "2121140"]
[WhiteElo "2126"]
[BlackElo "2126"]
[Result "1-0"]
[Round "06"]
[TimeControl "180+1"]
[Date "2022.11.30"]
[WhiteClock "0:00:05"]
[BlackClock "0:00:03"]

1. e4 d6 2. d4 Nf6 3. Nc3 g6 4. Bf4 c6 5. Qd2 Qa5 6. O-O-O Nbd7 7. Kb1 b5 8. f3 Nb6 9. e5 b4 10. exf6 bxc3 11. Qe1 Nd5 12. fxe7 Nxf4 13. exf8=Q+ Kxf8 14. Qxc3 Qxc3 15. bxc3 Nd5 16. Ne2 Ba6 17. Kc1 Bxe2 18. Bxe2 Nxc3 19. Rde1 Nxa2+ 20. Kd2 Nb4 21. Bc4 Nd5 22. Ra1 Nb6 23. Bb3 Kg7 24. Ra6 Rhe8 25. Rha1 Kf6 26. Rxa7 Rxa7 27. Rxa7 Re7 28. Ra6 Rb7 29. Kd3 d5 30. c4 dxc4+ 31. Bxc4 Ke7 32. Bb3 f5 33. Ra5 Kd6 34. Ra6 Nd5 35. Bxd5 Kxd5 36. Ra5+ Kd6 37. Ra2 Kd5 38. Kc3 c5 39. Ra5 Rc7 40. Kd3 Kd6 41. dxc5+ Rxc5 42. Rxc5 Kxc5 43. Ke3 Kd5 44. Kf4 Kd6 45. Kg5 Ke5 46. Kh6 1-0


[Site "https://www.chess.com"]

[Event "Titled Tuesday Blitz November 29 Early 2022"]
[White "Jiganchine, Roman"]
[Black "Roque Sola, Gisela"]
[WhiteFideId "2603667"]
[BlackFideId "5120241"]
[WhiteElo "2314"]
[BlackElo "1961"]
[Result "1-0"]
[Round "06"]
[TimeControl "180+1"]
[Date "2022.11.30"]
[WhiteClock "0:01:05"]
[BlackClock "0:01:08"]

1. e4 c5 2. Nf3 Nc6 3. Bb5 a6 4. Bxc6 dxc6 5. O-O Qc7 6. Re1 e5 7. a4 a5 8. h3 Bd6 9. b3 Ne7 10. Bb2 O-O 11. Nc3 Ng6 12. Ne2 Be6 13. d3 Kh8 14. Kh2 f6 15. g3 b5 16. Qd2 Rfd8 17. Nh4 Nxh4 18. gxh4 c4 19. Rg1 cxd3 20. cxd3 Bb4 21. Qc2 Qd7 22. Rg3 Qf7 23. d4 exd4 24. Nxd4 Bd6 25. Rg1 Bxg3+ 26. Rxg3 bxa4 27. bxa4 Bc4 28. Nf5 Rg8 29. Nd6 Qe6 30. Nxc4 Qxe4 31. Qxe4 1-0


[Site "https://www.chess.com"]

[Event "Titled Tuesday Blitz November 29 Early 2022"]
[White "Jimenez Almeida, Luis David"]
[Black "Danielyan, Vahe"]
[WhiteFideId "22242244"]
[BlackFideId "13304828"]
[WhiteElo "2158"]
[BlackElo "2423"]
[Result "0-1"]
[Round "06"]
[TimeControl "180+1"]
[Date "2022.11.30"]
[WhiteClock "0:00:04"]
[BlackClock "0:00:14"]

1. e4 d6 2. d4 Nf6 3. Nc3 e5 4. Nge2 Nbd7 5. g3 h6 6. Bg2 g5 7. h3 Rg8 8. Be3 c6 9. Qd2 Qc7 10. a4 a5 11. O-O Be7 12. Rae1 exd4 13. Nxd4 Ne5 14. b3 Bd7 15. Kh2 O-O-O 16. f4 gxf4 17. Bxf4 h5 18. Nf5 Bxf5 19. exf5 h4 20. g4 Nfxg4+ 21. hxg4 Nxg4+ 22. Kh3 Ne5 23. Be4 Bf6 24. Rg1 d5 25. Bd3 Rg3+ 26. Rxg3 hxg3 27. Rh1 Rg8 28. Kg2 Qb6 29. Bxe5 Bxe5 30. Nd1 f6 31. Qe3 Qb4 32. Rh7 Kb8 33. Be2 Rd8 34. Bf3 d4 35. Qe2 d3 36. cxd3 Qxb3 37. Be4 Qxa4 38. Ne3 Qd4 39. Nc4 Bc7 40. Qb2 Kc8 41. Qxd4 Rxd4 42. Rh8+ Rd8 43. Rh7 b5 44. Nd2 Kb7 45. Rf7 Rd6 46. Nb3 Kb6 47. d4 a4 48. Nc5 a3 49. Nb3 a2 50. Rf8 Rxd4 51. Bf3 Rb4 52. Ra8 Rxb3 53. Rxa2 Be5 54. Rc2 Rc3 55. Ra2 b4 56. Ra8 b3 57. Rb8+ Kc5 0-1


[Site "https://www.chess.com"]

[Event "Titled Tuesday Blitz November 29 Early 2022"]
[White "Jimenez, Joaquin"]
[Black "Estrada Nieto, Julian"]
[WhiteFideId "109860"]
[BlackFideId "5101018"]
[WhiteElo "2163"]
[BlackElo "2221"]
[Result "0-1"]
[Round "06"]
[TimeControl "180+1"]
[Date "2022.11.30"]
[WhiteClock "0:00:01"]
[BlackClock "0:00:05"]

1. c4 e5 2. Nc3 Nf6 3. g3 d5 4. cxd5 Nxd5 5. Bg2 Nb6 6. Nf3 Nc6 7. a3 Be7 8. O-O O-O 9. d3 Be6 10. b4 a5 11. b5 Nd4 12. Bb2 f6 13. Ne4 Nxf3+ 14. Bxf3 Bd5 15. Rc1 a4 16. Qc2 Rc8 17. Bg2 Qd7 18. Rb1 Bb3 19. Qc1 Qxb5 20. Nd2 Ba2 21. Bxb7 Bxb1 22. Bxc8 Rxc8 23. Nxb1 c5 24. Nc3 Qc6 25. Qe3 c4 26. Rc1 Bc5 27. Qd2 Bd4 28. Ne4 Bxb2 29. Qxb2 h6 30. g4 Qe6 31. dxc4 Qxg4+ 32. Ng3 Rxc4 33. Rd1 Rd4 34. Rxd4 Qxd4 35. Qb5 Nd7 36. e3 Qd1+ 37. Kg2 Qd6 38. Qxa4 Kh7 39. Qe4+ g6 40. a4 f5 41. Qb7 Kg8 42. a5 e4 43. a6 Nc5 44. Qc8+ Kf7 45. a7 Nd3 46. a8=Q Ne1+ 47. Kf1 Nf3 48. Qf8+ Qxf8 49. Qb7+ Qe7 50. Qb3+ Kg7 51. Qc3+ Kh7 52. Kg2 Qa7 53. Ne2 h5 54. Nf4 Qa2 55. Qc7+ Kh6 56. Qd6 Ne1+ 57. Kf1 Kh7 58. Qxg6+ Kh8 59. Qf6+ Kh7 60. Qe7+ Kh8 61. Ng6+ Kg8 62. Qe8+ Kg7 63. Kxe1 Qa1+ 64. Ke2 Qb2+ 65. Kf1 Qc1+ 66. Kg2 Qd1 67. Nf4 Qg4+ 68. Kf1 h4 0-1


[Site "https://www.chess.com"]

[Event "Titled Tuesday Blitz November 29 Early 2022"]
[White "Kezin, Roman"]
[Black "Mogranzini, Roberto"]
[WhiteFideId "24124621"]
[BlackFideId "810894"]
[WhiteElo "2501"]
[BlackElo "2469"]
[Result "1-0"]
[Round "06"]
[TimeControl "180+1"]
[Date "2022.11.30"]
[WhiteClock "0:00:05"]
[BlackClock "0:00:05"]

1. Nf3 c5 2. b3 Nf6 3. Bb2 g6 4. Bxf6 exf6 5. c4 f5 6. Nc3 Bg7 7. g3 h5 8. Bg2 Nc6 9. O-O d6 10. Nd5 Be6 11. Nf4 Bd7 12. h4 O-O 13. e3 Ne5 14. Ng5 Bc6 15. Nd5 Rb8 16. Rc1 Nd3 17. Rc2 Bxd5 18. Bxd5 Nb4 19. Bg2 Nxc2 20. Qxc2 Bf6 21. Nh3 Be5 22. Rd1 b5 23. d4 cxd4 24. exd4 Bg7 25. c5 dxc5 26. dxc5 Qc7 27. Nf4 Rfd8 28. Nd5 Qe5 29. c6 Rbc8 30. Qc5 Bf8 31. Qxb5 Rd6 32. Rc1 Qb2 33. Rc4 Re6 34. Ne3 Bh6 35. Nf1 Re2 36. Qb7 Rf8 37. c7 Rxf2 38. c8=Q Rxc8 39. Rxc8+ Kg7 40. Rc7 Qd4 41. Rxf7+ Kg8 42. Rd7 Qc5 43. Qd5+ Qxd5 44. Bxd5+ Kf8 45. Kxf2 1-0


[Site "https://www.chess.com"]

[Event "Titled Tuesday Blitz November 29 Early 2022"]
[White "Kiseljova, Marya"]
[Black "Levitan, Caleb Levi"]
[WhiteFideId "4155009"]
[BlackFideId "14332620"]
[WhiteElo "1907"]
[BlackElo "1963"]
[Result "0-1"]
[Round "06"]
[TimeControl "180+1"]
[Date "2022.11.30"]
[WhiteClock "0:00:02"]
[BlackClock "0:00:14"]

1. d4 Nf6 2. c4 e6 3. Nf3 d5 4. g3 dxc4 5. Bg2 Bb4+ 6. Nbd2 c5 7. dxc5 Bxc5 8. O-O b5 9. Ne5 Nd5 10. a4 Qc7 11. e4 Nb6 12. Qh5 g6 13. Qg5 Be7 14. Qf4 Bd6 15. Qxf7+ Qxf7 16. Nxf7 Kxf7 17. e5 Bxe5 18. Bxa8 Nxa8 19. axb5 Nb6 20. Rxa7+ N8d7 21. Ne4 Bb8 22. Ra2 Bb7 23. Nc3 Ne5 24. Rd1 Nf3+ 25. Kf1 Nxh2+ 26. Ke1 Nf3+ 27. Kf1 Nd5 28. Nxd5 Bxd5 29. Be3 c3 0-1


[Site "https://www.chess.com"]

[Event "Titled Tuesday Blitz November 29 Early 2022"]
[White "Kleiman, Jake"]
[Black "Zatonskih, Anna"]
[WhiteFideId "2020041"]
[BlackFideId "14101572"]
[WhiteElo "2626"]
[BlackElo "2362"]
[Result "1-0"]
[Round "06"]
[TimeControl "180+1"]
[Date "2022.11.30"]
[WhiteClock "0:00:13"]
[BlackClock "0:00:01"]

1. e4 d5 2. exd5 Qxd5 3. Nc3 Qd6 4. d4 c6 5. Nf3 Bg4 6. Be2 Nf6 7. Be3 e6 8. h3 Bh5 9. O-O Nbd7 10. Nd2 Bxe2 11. Qxe2 Qc7 12. Nce4 Be7 13. c4 Nxe4 14. Nxe4 O-O 15. Rac1 Nf6 16. Qf3 Nxe4 17. Qxe4 Qd7 18. Rfd1 Rfd8 19. Rc2 Bf6 20. Rcd2 Rac8 21. b3 b5 22. d5 cxd5 23. cxd5 Qb7 24. Qf3 exd5 25. Rxd5 Rxd5 26. Rxd5 Qb8 27. Rd7 Re8 28. Qd5 a6 29. Qxf7+ Kh8 30. Qd5 Qc8 31. g3 Qc2 32. Qd2 Qb1+ 33. Kh2 Qe4 34. Qd3 Qf3 35. Bb6 Qc6 36. Rd6 Qb7 37. Qd5 Qe7 38. Rd7 Qe2 39. Bd4 1-0


[Site "https://www.chess.com"]

[Event "Titled Tuesday Blitz November 29 Early 2022"]
[White "Korchmar, Vasiliy"]
[Black "Fecker, Noah"]
[WhiteFideId "24131750"]
[BlackFideId "1334263"]
[WhiteElo "2370"]
[BlackElo "2291"]
[Result "0-1"]
[Round "06"]
[TimeControl "180+1"]
[Date "2022.11.30"]
[WhiteClock "0:00:01"]
[BlackClock "0:00:25"]

1. e4 c5 2. Nf3 Nc6 3. d4 cxd4 4. Nxd4 Nf6 5. Nc3 h5 6. Bg5 Qa5 7. Bxf6 gxf6 8. Nb3 Qe5 9. Bd3 h4 10. O-O h3 11. g3 d6 12. Nd5 Kd8 13. f4 Qh5 14. Qd2 Be6 15. c4 Bh6 16. Na5 Nxa5 17. Qxa5+ b6 18. Qa6 Bc8 19. Qa3 Bb7 20. Rad1 Qg4 21. Ne3 Qe6 22. Nf5 Bxe4 23. Rfe1 Qxf5 24. Bxe4 Qc8 25. Bxa8 Qxa8 26. Rd2 Rg8 27. Rxe7 Bxf4 28. Rxd6+ Kc8 0-1


[Site "https://www.chess.com"]

[Event "Titled Tuesday Blitz November 29 Early 2022"]
[White "Koridze, Lile"]
[Black "Tarlabasi, Emirhan"]
[WhiteFideId "13612514"]
[BlackFideId "6350275"]
[WhiteElo "2050"]
[BlackElo "2200"]
[Result "0-1"]
[Round "06"]
[TimeControl "180+1"]
[Date "2022.11.30"]
[WhiteClock "0:00:18"]
[BlackClock "0:01:29"]

1. d4 Nf6 2. c4 e6 3. Nf3 c5 4. d5 exd5 5. cxd5 d6 6. Nbd2 g6 7. Nc4 b5 8. Ncd2 Bg7 9. e4 a6 10. Bd3 O-O 11. O-O Re8 12. h3 Nbd7 13. Rb1 c4 14. Bc2 Nc5 15. Re1 Qb6 16. Nd4 Nd3 17. Bxd3 Qxd4 18. Bc2 Nh5 19. Nf3 Qxd1 20. Rxd1 Bd7 21. g4 Nf6 22. Bf4 Nxe4 23. Bxe4 Rxe4 24. Bxd6 h5 25. Ng5 Re2 26. f3 hxg4 27. hxg4 Rxb2 28. Rxb2 Bxb2 29. Ne4 c3 30. Bf4 c2 31. Re1 f5 32. gxf5 Bxf5 33. Nc5 Bd4+ 0-1


[Site "https://www.chess.com"]

[Event "Titled Tuesday Blitz November 29 Early 2022"]
[White "Korkmaz, Necmettin"]
[Black "Sanchez, Robert"]
[WhiteFideId "6303285"]
[BlackFideId "2034360"]
[WhiteElo "2094"]
[BlackElo "2333"]
[Result "1-0"]
[Round "06"]
[TimeControl "180+1"]
[Date "2022.11.30"]
[WhiteClock "0:02:20"]
[BlackClock "0:01:48"]

1. e4 e6 2. d4 d5 3. e5 c5 4. c3 Nc6 5. Nf3 Bd7 6. Bd3 Qb6 7. O-O cxd4 8. cxd4 Nxd4 9. Nxd4 Qxd4 10. Nc3 a6 11. Qe2 Ne7 12. Kh1 Nc6 13. f4 Qa7 14. Be3 Bc5 15. Bxc5 Qxc5 16. Rac1 Qe7 17. f5 O-O-O 18. Bxa6 Qb4 19. Nb5 bxa6 20. Nd6+ Kb8 21. Qxa6 Na7 22. a3 Qb3 23. Rf3 Rc8 24. Rxb3+ 1-0


[Site "https://www.chess.com"]

[Event "Titled Tuesday Blitz November 29 Early 2022"]
[White "Kuchava, Ana"]
[Black "Stijve, Theo"]
[WhiteFideId "13605348"]
[BlackFideId "1331132"]
[WhiteElo "2001"]
[BlackElo "2256"]
[Result "0-1"]
[Round "06"]
[TimeControl "180+1"]
[Date "2022.11.30"]
[WhiteClock "0:01:16"]
[BlackClock "0:01:05"]

1. d4 Nf6 2. Nf3 d5 3. c4 e6 4. Nc3 Be7 5. Bf4 O-O 6. e3 Nbd7 7. Bd3 dxc4 8. Bxc4 a6 9. a4 Nb6 10. O-O Nxc4 11. Qb3 Nb6 12. Bg3 Nbd5 13. Rac1 c6 14. Rfe1 Nxc3 15. bxc3 Ne4 16. Ne5 Bd6 17. Nc4 Bxg3 18. hxg3 b5 19. axb5 cxb5 20. Ne5 Bb7 21. c4 f6 22. Nd3 bxc4 23. Qxc4 Bd5 24. Qa4 Qe8 25. Qa5 Qb5 26. Qa3 Rfc8 27. Nf4 a5 28. f3 Nxg3 29. e4 Bc4 30. Kf2 Qg5 31. Nh3 Qh4 32. Kg1 Ne2+ 33. Kh2 Qg3+ 34. Kh1 Nxc1 35. Rxc1 a4 36. Qb4 a3 37. Rxc4 Rxc4 38. Qxc4 a2 39. Qxe6+ Kh8 0-1


[Site "https://www.chess.com"]

[Event "Titled Tuesday Blitz November 29 Early 2022"]
[White "Kukula, Pawel"]
[Black "Tsatsalashvili, Keti"]
[WhiteFideId "1115081"]
[BlackFideId "13603434"]
[WhiteElo "2046"]
[BlackElo "2220"]
[Result "0-1"]
[Round "06"]
[TimeControl "180+1"]
[Date "2022.11.30"]
[WhiteClock "0:00:01"]
[BlackClock "0:00:17"]

1. e4 c5 2. Nf3 d6 3. d4 cxd4 4. Nxd4 Nf6 5. Nc3 Nc6 6. Bg5 a6 7. Qd2 e6 8. f4 Qb6 9. Nb3 Ng4 10. h3 Qe3+ 11. Qxe3 Nxe3 12. Kd2 Nxf1+ 13. Rhxf1 Be7 14. Bxe7 Kxe7 15. Rae1 b5 16. Ne2 Bb7 17. Ned4 Rac8 18. Nxc6+ Bxc6 19. c3 Rhd8 20. Ke3 e5 21. Rd1 exf4+ 22. Kxf4 d5 23. e5 b4 24. Rc1 Bb5 25. Rf2 bxc3 26. bxc3 Rc4+ 27. Nd4 Rdc8 28. Rb2 f6 29. exf6+ Kxf6 30. Ke3 Rxc3+ 31. Rxc3 Rxc3+ 32. Kf2 Ra3 33. Ke1 Bc4 34. Nf3 Rxa2 35. Rb6+ Kf5 36. g4+ Kf4 37. Nd2 Kg3 0-1


[Site "https://www.chess.com"]

[Event "Titled Tuesday Blitz November 29 Early 2022"]
[White "Kuznetsov, Mikhail"]
[Black "Aaditya Dhingra"]
[WhiteFideId "4117190"]
[BlackFideId "25678191"]
[WhiteElo "1981"]
[BlackElo "2054"]
[Result "0-1"]
[Round "06"]
[TimeControl "180+1"]
[Date "2022.11.30"]
[WhiteClock "0:01:21"]
[BlackClock "0:01:00"]

1. Nf3 b6 2. g3 Bb7 3. Bg2 g6 4. O-O Bg7 5. d4 Nf6 6. c4 O-O 7. b3 Ne4 8. Bb2 e6 9. Nfd2 d5 10. e3 Nd7 11. Nxe4 dxe4 12. Nc3 f5 13. Qc2 Qe7 14. Nb5 a6 15. Nc3 c5 16. Ne2 cxd4 17. Bxd4 Ne5 18. Rad1 Nf3+ 19. Kh1 Nxd4 20. Nxd4 Rac8 21. Qe2 h5 22. h4 e5 23. Nc2 f4 24. exf4 exf4 25. Rde1 f3 26. Bxf3 Rxf3 27. Qxf3 e3 28. Rxe3 Bxf3+ 29. Rxf3 Qe4 30. Ne1 Bc3 31. Kh2 Bd2 32. Re3 Bxe3 0-1


[Site "https://www.chess.com"]

[Event "Titled Tuesday Blitz November 29 Early 2022"]
[White "Lauridsen, Jesper Morch"]
[Black "Devaev, Alexander"]
[WhiteFideId "1401890"]
[BlackFideId "4169395"]
[WhiteElo "2259"]
[BlackElo "2225"]
[Result "1-0"]
[Round "06"]
[TimeControl "180+1"]
[Date "2022.11.30"]
[WhiteClock "0:00:17"]
[BlackClock "0:00:01"]

1. e4 c6 2. d4 d5 3. exd5 cxd5 4. Nf3 Nc6 5. c4 Nf6 6. Nc3 e6 7. Bg5 Bb4 8. cxd5 Qxd5 9. Bxf6 gxf6 10. Bd3 Rg8 11. Bxh7 Rxg2 12. Kf1 Bxc3 13. Kxg2 Bxb2 14. Rb1 Bxd4 15. Re1 f5 16. Qb3 Qxb3 17. Rxb3 Kf8 18. Nxd4 Nxd4 19. Rg3 b6 20. Rg8+ Ke7 21. Kg3 Bb7 22. Rxa8 Bxa8 23. h4 Bd5 24. h5 Kf6 25. h6 Kg5 26. Bg8 Kxh6 27. Bxf7 Kg7 28. Be8 a5 29. Kf4 Kf6 30. a4 Nc2 31. Rc1 Nb4 32. Rc7 e5+ 33. Ke3 f4+ 34. Kd2 e4 35. Bb5 Ke5 36. Kc3 Na2+ 37. Kb2 Nb4 38. Kc3 f3 39. Re7+ Kd6 40. Rd7+ 1-0


[Site "https://www.chess.com"]

[Event "Titled Tuesday Blitz November 29 Early 2022"]
[White "Le, Tuan Minh"]
[Black "Jobava, Baadur"]
[WhiteFideId "12401153"]
[BlackFideId "13601520"]
[WhiteElo "3020"]
[BlackElo "3046"]
[Result "0-1"]
[Round "06"]
[TimeControl "180+1"]
[Date "2022.11.30"]
[WhiteClock "0:00:04"]
[BlackClock "0:00:20"]

1. d4 Nf6 2. Nf3 c5 3. c3 b6 4. Bf4 Bb7 5. e3 g6 6. h3 Bg7 7. Bd3 O-O 8. O-O d6 9. Bh2 Nc6 10. Qe2 Nd7 11. Nbd2 Re8 12. Rfd1 Rc8 13. a4 Rc7 14. Bb5 Qa8 15. h4 h6 16. Bg3 a6 17. Bc4 Rcc8 18. Ba2 Na5 19. b4 cxb4 20. cxb4 Nc6 21. b5 Nb4 22. Bb3 a5 23. Bc4 Nf6 24. Rac1 Ne4 25. Nxe4 Bxe4 26. Ne1 d5 27. Bb3 e6 28. Bd6 h5 29. Qd2 Bf8 30. Bxf8 Rxf8 31. f3 Bf5 32. Qf2 Rxc1 33. Rxc1 Rc8 34. Qd2 Kg7 35. Rc3 Qb8 36. Qc1 Rxc3 37. Qxc3 Qg3 38. Kf1 Qxh4 39. e4 dxe4 40. d5+ Qf6 41. Qxf6+ Kxf6 42. d6 exf3 43. Nxf3 e5 44. Nd2 Nd3 45. Bd5 Nc5 46. Bc6 Nxa4 47. Kf2 Nc5 48. Nc4 Nd7 49. Ke3 h4 50. Bxd7 Bxd7 51. Nxb6 Bxb5 52. Nd5+ Kf5 53. Nc3 Bc6 54. Ne4 Ke6 55. Ng5+ Kxd6 56. Nxf7+ Ke6 57. Ng5+ Kf5 0-1


[Site "https://www.chess.com"]

[Event "Titled Tuesday Blitz November 29 Early 2022"]
[White "Lenderman, Aleksandr"]
[Black "Girel, Joseph"]
[WhiteFideId "2021285"]
[BlackFideId "36033561"]
[WhiteElo "2927"]
[BlackElo "2767"]
[Result "1-0"]
[Round "06"]
[TimeControl "180+1"]
[Date "2022.11.30"]
[WhiteClock "0:02:07"]
[BlackClock "0:00:59"]

1. d4 Nf6 2. c4 e6 3. g3 d5 4. Bg2 Be7 5. Nf3 O-O 6. O-O dxc4 7. Ne5 Nc6 8. Bxc6 bxc6 9. Nxc6 Qe8 10. Nxe7+ Qxe7 11. Qa4 e5 12. dxe5 Qxe5 13. Nc3 Be6 14. Bf4 Qh5 15. f3 c6 16. e4 Rfd8 17. Qxc6 Rac8 18. Qb5 Rc5 19. Qb4 Rdc8 20. Rad1 g5 21. Bd6 R5c6 22. Be5 Nd7 23. Bd4 Rb8 24. Qa3 Rc7 25. Rd2 Qg6 26. Rfd1 Rcb7 27. Ne2 h5 28. Qe3 f6 29. Bc3 Bf7 30. Rxd7 1-0


[Site "https://www.chess.com"]

[Event "Titled Tuesday Blitz November 29 Early 2022"]
[White "Lopez Del Alamo, Antonio"]
[Black "Vlassov, Nikolai"]
[WhiteFideId "2227339"]
[BlackFideId "4103360"]
[WhiteElo "2175"]
[BlackElo "2324"]
[Result "0-1"]
[Round "06"]
[TimeControl "180+1"]
[Date "2022.11.30"]
[WhiteClock "0:00:20"]
[BlackClock "0:00:31"]

1. e4 Nc6 2. Nf3 d5 3. exd5 Qxd5 4. Nc3 Qa5 5. d4 Bg4 6. Be2 O-O-O 7. Be3 Nf6 8. h3 Bxf3 9. Bxf3 Nxd4 10. Bxd4 Qb4 11. O-O Rxd4 12. Qe2 e6 13. Rab1 a6 14. a3 Qb6 15. b4 Be7 16. Na4 Qb5 17. Qe3 Rhd8 18. Nc3 Qb6 19. Na4 Qb5 20. Nc3 Qf5 21. b5 a5 22. b6 c6 23. Nb5 cxb5 24. Qc3+ Qc5 25. Qxa5 Ra4 26. Qe1 Qxb6 27. Be2 Rd5 28. c4 Re5 29. Rxb5 Rxb5 30. cxb5 Nd5 31. Qc1+ Kb8 0-1


[Site "https://www.chess.com"]

[Event "Titled Tuesday Blitz November 29 Early 2022"]
[White "Lucas, Arthur"]
[Black "Zaichenko, Daria"]
[WhiteFideId "26093073"]
[BlackFideId "4197453"]
[WhiteElo "2251"]
[BlackElo "2039"]
[Result "0-1"]
[Round "06"]
[TimeControl "180+1"]
[Date "2022.11.30"]
[WhiteClock "0:00:02"]
[BlackClock "0:00:14"]

1. d4 d5 2. c4 e6 3. Nc3 Be7 4. Nf3 Nf6 5. Bf4 c6 6. e3 Ne4 7. Qc2 f5 8. Nd2 O-O 9. f3 Bh4+ 10. g3 Nxd2 11. Kxd2 Be7 12. Re1 Nd7 13. h4 Kh8 14. Kc1 dxc4 15. Bxc4 Nb6 16. Bb3 Nd5 17. Be5 a5 18. e4 Nb4 19. Qd2 b5 20. a3 a4 21. Bd1 Na6 22. Bc2 b4 23. axb4 Nxb4 24. Bxa4 Ba6 25. h5 Bf6 26. Bxf6 Qxf6 27. h6 Nd3+ 28. Kb1 Rab8 29. hxg7+ Qxg7 30. b3 Qxd4 31. Qg5 Nxe1 32. Rxh7+ Kxh7 33. Qh5+ Kg7 34. Qg5+ Kf7 35. Qh5+ Ke7 36. Qg5+ Qf6 37. Qd2 Nd3 38. Ka2 Bc4 39. e5 Qxe5 40. Qg5+ Qf6 41. Qe3 Qxc3 42. Qa7+ Kf6 43. Qf2 Bxb3+ 44. Bxb3 Qxb3+ 45. Ka1 Qb1# 0-1


[Site "https://www.chess.com"]

[Event "Titled Tuesday Blitz November 29 Early 2022"]
[White "Makhmudov, Shukhrat"]
[Black "Lehtosaari, Mauri"]
[WhiteFideId "14200775"]
[BlackFideId "501999"]
[WhiteElo "2135"]
[BlackElo "2507"]
[Result "1-0"]
[Round "06"]
[TimeControl "180+1"]
[Date "2022.11.30"]
[WhiteClock "0:00:11"]
[BlackClock "0:00:05"]

1. e4 d5 2. exd5 Qxd5 3. Nc3 Qd8 4. d4 c6 5. Bc4 Bf5 6. Nf3 e6 7. O-O Nf6 8. h3 Be7 9. Nh4 Be4 10. Nxe4 Nxe4 11. Nf3 O-O 12. c3 Nd7 13. Re1 Nef6 14. Qe2 Nd5 15. Bb3 a5 16. c4 N5f6 17. a3 Re8 18. Bc2 Nf8 19. Bf4 Ng6 20. Bh2 Qb6 21. b3 Rad8 22. Bg3 Bf8 23. h4 Nh5 24. Bh2 Nhf4 25. Qe4 f5 26. Qe3 Nh5 27. Ne5 Nxe5 28. Bxe5 g6 29. Bd1 Ng7 30. Qg5 Be7 31. Qh6 Bf8 32. Qf4 Rc8 33. h5 gxh5 34. Qg5 Qd8 35. Bf6 Qd7 36. Bxh5 Kh8 37. Bxe8 Qxe8 38. Re3 Qf7 39. Rg3 Re8 40. Re1 b5 41. cxb5 cxb5 42. a4 b4 43. d5 f4 44. Qxf4 exd5 45. Bxg7+ Qxg7 46. Rxe8 Qa1+ 47. Kh2 1-0


[Site "https://www.chess.com"]

[Event "Titled Tuesday Blitz November 29 Early 2022"]
[White "Maksimenko, Viktor"]
[Black "Figorito, Nick"]
[WhiteFideId "13710478"]
[BlackFideId "30923689"]
[WhiteElo "2277"]
[BlackElo "2372"]
[Result "1-0"]
[Round "06"]
[TimeControl "180+1"]
[Date "2022.11.30"]
[WhiteClock "0:01:18"]
[BlackClock "0:00:17"]

1. d4 Nf6 2. c4 g6 3. Nc3 d5 4. cxd5 Nxd5 5. e4 Nxc3 6. bxc3 Bg7 7. Nf3 c5 8. Bb5+ Nc6 9. O-O cxd4 10. cxd4 O-O 11. Be3 Bg4 12. d5 Bxa1 13. Qxa1 Bxf3 14. gxf3 Nb8 15. Bh6 f6 16. Rc1 Nd7 17. Bxd7 Qxd7 18. Bxf8 Rxf8 19. Qc3 Qh3 20. f4 Qg4+ 21. Qg3 Qe2 22. Qe3 Qg4+ 23. Kf1 Qh5 24. Rc7 Re8 25. h3 Qd1+ 26. Kg2 Qa4 27. Rxb7 Qxa2 28. Qxa7 Qc4 29. Rxe7 Rxe7 30. Qxe7 f5 31. d6 Qb4 32. Qe8+ Kg7 33. d7 fxe4 34. d8=Q Kh6 35. Qf8+ 1-0


[Site "https://www.chess.com"]

[Event "Titled Tuesday Blitz November 29 Early 2022"]
[White "Maksimovic, Bojan"]
[Black "Indjic, Aleksandar"]
[WhiteFideId "14408120"]
[BlackFideId "911925"]
[WhiteElo "2763"]
[BlackElo "2920"]
[Result "1-0"]
[Round "06"]
[TimeControl "180+1"]
[Date "2022.11.30"]
[WhiteClock "0:00:03"]
[BlackClock "0:00:03"]

1. e4 e5 2. Nf3 Nc6 3. Bb5 a6 4. Ba4 Bc5 5. c3 Nge7 6. d4 exd4 7. cxd4 Bb4+ 8. Bd2 Bxd2+ 9. Qxd2 d5 10. exd5 Nxd5 11. O-O O-O 12. Bxc6 bxc6 13. Ne5 Ne7 14. Nc3 f6 15. Nc4 Be6 16. Na5 Qd7 17. Rfe1 Rfe8 18. h3 Nd5 19. Rac1 Bf7 20. Ne4 Re6 21. Nc5 Rxe1+ 22. Rxe1 Qd6 23. Nab7 Qf8 24. Na5 Qd6 25. Nab7 Qf8 26. a3 g5 27. Na5 Qd6 28. Nab7 Qf8 29. Na5 Be8 30. Qe2 Kh8 31. g3 Bf7 32. Nxc6 Re8 33. Qd2 Rxe1+ 34. Qxe1 Qd6 35. Nb4 Ne7 36. Nc2 Bg6 37. Nb4 a5 38. Nba6 Nc6 39. Qe6 Nxd4 40. Qxd6 cxd6 41. Nb7 Nf3+ 42. Kg2 Be4 43. Nxd6 Bc6 44. Nb8 Ba8 45. Kf1 Nd4 46. Nd7 f5 47. Nf7+ Kg7 48. Nxg5 Kg6 49. h4 h6 50. Nh3 Kf7 51. Nf4 Ke7 52. Ne5 Be4 53. Nc4 a4 54. Ke1 Nb3 55. Ke2 Bb7 56. Kd3 Be4+ 57. Kc3 Nc5 58. Kb4 1-0


[Site "https://www.chess.com"]

[Event "Titled Tuesday Blitz November 29 Early 2022"]
[White "Malka, Samuel"]
[Black "Mgeladze, Tamaz"]
[WhiteFideId "20643675"]
[BlackFideId "13601202"]
[WhiteElo "2462"]
[BlackElo "2288"]
[Result "0-1"]
[Round "06"]
[TimeControl "180+1"]
[Date "2022.11.30"]
[WhiteClock "0:00:20"]
[BlackClock "0:01:43"]

1. d4 Nf6 2. c4 e5 3. dxe5 Ng4 4. e3 Bb4+ 5. Bd2 Bxd2+ 6. Nxd2 Nxe5 7. Ngf3 Nbc6 8. Be2 O-O 9. O-O Re8 10. Rb1 a5 11. Nd4 b6 12. Nxc6 Nxc6 13. Bf3 Bb7 14. b3 d6 15. a3 Qd7 16. Qc2 Nd8 17. Bxb7 Nxb7 18. b4 axb4 19. axb4 Ra3 20. Nb3 Rea8 21. Nd4 Nd8 22. Rfd1 Ne6 23. Qf5 Qe7 24. Qe4 Qf6 25. Nxe6 fxe6 26. Rd2 Ra1 27. Rbd1 R8a2 28. Qf3 Rxd2 29. Rxa1 Qxa1+ 0-1


[Site "https://www.chess.com"]

[Event "Titled Tuesday Blitz November 29 Early 2022"]
[White "Malyi, Viacheslav"]
[Black "Andrews, Todd"]
[WhiteFideId "14123983"]
[BlackFideId "2012456"]
[WhiteElo "2291"]
[BlackElo "2337"]
[Result "0-1"]
[Round "06"]
[TimeControl "180+1"]
[Date "2022.11.30"]
[WhiteClock "0:00:37"]
[BlackClock "0:00:43"]

1. e4 e6 2. d4 d5 3. Nc3 Bb4 4. e5 c5 5. a3 Bxc3+ 6. bxc3 Ne7 7. Nf3 Qc7 8. Bd3 Bd7 9. a4 Nbc6 10. O-O c4 11. Be2 O-O-O 12. Ng5 Rdf8 13. Ba3 f6 14. Bd6 Qd8 15. Nf3 g5 16. exf6 Rxf6 17. Be5 Nxe5 18. Nxe5 h5 19. Qd2 g4 20. f4 Nf5 21. a5 a6 22. Rfb1 Rh7 23. Rb6 Bb5 24. Rb1 Nd6 25. Qe3 Qf8 26. g3 Rg7 27. Bf1 h4 28. Bg2 hxg3 29. hxg3 Nf5 30. Qf2 Rh6 31. Bxd5 exd5 32. Rxh6 Nxh6 33. Qg2 Qd6 34. Qh2 Kb8 35. Qh5 Ka7 36. f5 Qf6 37. Rf1 Rg5 38. Qh4 Nxf5 39. Qh7 Qg7 40. Qxg7 Nxg7 41. Rf7 Nf5 42. Kf2 Nd6 43. Rh7 Ne4+ 44. Ke3 Nxc3 45. Kf4 Rg8 46. Nxg4 Ne2+ 47. Kf3 Nxd4+ 48. Ke3 Rxg4 0-1


[Site "https://www.chess.com"]